 Dungeon Crawl Stone Soup version 0.30.1-11-g7821555f0a (webtiles) character file.

Game seed: 17209768049181136047

339162 cdecastro the Warrior (level 21, -5/162 HPs)
             Began as a Demonspawn Necromancer on Dec 20, 2023.
             Was a High Priest of Hepliaklqana.
             Slain by a +2 long sword of holy wrath (8 damage)
             ... on level 2 of the Elven Halls on Dec 21, 2023.
             The game lasted 04:54:59 (70490 turns).

cdecastro the Warrior (Demonspawn Necromancer)     Turns: 70490, Time: 04:55:00

Health: -5/162     AC: 36    Str: 13    XL:     21   Next: 4%
Magic:  41/41      EV: 16    Int: 19    God:    Hepliaklqana [*****.]
Gold:   2293       SH:  8    Dex: 21    Spells: 17/24 levels left

rFire   . . .        a - +9 dagger
rCold   . . .        G - +2 buckler {AC+3}
rNeg    + . .        A - quicksilver dragon scales
rPois   +            W - +1 helmet of Recklessness {rElec rN+ rCorr Int+3}
rElec   +            (cloak unavailable)
rCorr   +            R - +0 pair of gloves {hurl}
SInv    .            P - +0 pair of boots
Will    ++...        S - amulet "Uwnafiy" {RegenMP rCorr MP+9}
Stlth   +++++        k - ring of poison resistance
HPRegen 0.47/turn    g - +4 ring of protection
MPRegen 0.67/turn

%: no passive effects
@: about to teleport, sanguine armoured, studying 2 skills
A: reduced essence, ignite blood 2, sanguine armour 3, demonic magic 2, weakness
stinger 3
}: 2/15 runes: serpentine, barnacled
a: Renounce Religion, Recall Ancestor, Ancestor Identity, Transference, Idealise


You were on level 2 of the Elven Halls.
You worshipped Hepliaklqana.
Hepliaklqana was extremely pleased with you.
You visited 9 branches of the dungeon, and saw 38 of its levels.
You also visited: Sewer, Ice Cave and Volcano.

You collected 4581 gold pieces.
You spent 2288 gold pieces at shops.

Inventory:

Hand Weapons
 a - a +9 dagger (weapon)
 b - a +0 dagger of speed
Missiles
 y - 9 curare-tipped darts
 F - 31 boomerangs (quivered)
 H - 6 throwing nets
 X - 22 atropa-tipped darts
 Z - 6 boomerangs of dispersal
Armour
 A - quicksilver dragon scales (worn)
 G - a +2 buckler of protection (worn)
 P - a +0 pair of boots (worn)
 R - a +0 pair of gloves of hurling (worn)
 W - the +1 helmet of Recklessness (worn) {rElec rN+ rCorr Int+3}
   (You found it on level 9 of the Dungeon)

   Int:       It affects your intelligence (+3).
   rElec:     It insulates you from electricity.
   rN:        It protects you from negative energy.
   rCorr:     It protects you from acid and corrosion.
Jewellery
 g - a +4 ring of protection (right hand)
 h - a ring of see invisible
 k - a ring of poison resistance (left hand)
 J - a ring of protection from cold
 Q - a ring of protection from fire
 S - the amulet "Uwnafiy" (around neck) {RegenMP rCorr MP+9}
   (You took it off a vampire mage on level 1 of the Elven Halls)

   [amulet of magic regeneration]

   It increases your rate of magic regeneration.
   MP:        It affects your magic capacity (+9).
   rCorr:     It protects you from acid and corrosion.
 U - a ring of willpower
Wands
 c - a wand of mindburst (11)
 l - a wand of flame (33)
 s - a wand of digging (24)
 I - a wand of charming (18)
 K - a wand of polymorph (34)
 L - a wand of roots (72)
 Y - a wand of acid (11)
Scrolls
 e - 2 scrolls of blinking
 i - 2 scrolls of torment
 m - 3 scrolls of magic mapping
 u - 6 scrolls of fear
 w - a scroll of silence
 z - a scroll of poison
 D - 4 scrolls of teleportation
 O - 3 scrolls of fog
 V - 5 scrolls of immolation
Potions
 d - 10 potions of might
 j - 6 potions of attraction
 q - 12 potions of curing
 t - 3 potions of invisibility
 v - 9 potions of heal wounds
 x - 4 potions of flight
 B - 9 potions of lignification
 C - 2 potions of resistance
 N - 7 potions of haste
 T - 2 potions of cancellation
Miscellaneous
 f - a tin of tremorstones (1/2)
 n - a lightning rod (4/4)
 o - a box of beasts
 p - a phantom mirror
 r - a phial of floods


   Skills:
 + Level 19.2 Fighting
 - Level 10.0 Short Blades
 * Level 14.9 Throwing
 - Level 8.0 Armour
 - Level 10.0 Dodging
 - Level 13.0 Stealth
 - Level 5.0 Shields
 - Level 2.0 Spellcasting
 - Level 12.0 Necromancy
 - Level 15.0 Invocations
 - Level 16.0 Evocations


You had 17 spell levels left.
You knew the following spells:

 Your Spells              Type           Power      Damage    Failure   Level
b - Vampiric Draining     Necr           47%        2d9       1%          3
c - Animate Dead          Necr           47%        N/A       3%          4

Your spell library contained the following spells:

 Spells                   Type           Power      Damage    Failure   Level
 Necrotise                Necr           100%       1d9       1%          1
 Sublimation of Blood     Necr           47%        N/A       1%          2
 Agony                    Necr           47%        N/A       9%          5
 Anguish                  Hex/Necr       12%        N/A       34%         4
 Apportation              Tloc           2%         N/A       38%         1
 Freeze                   Ice            4%         1d3       38%         1
 Magic Dart               Conj           4%         1d3       38%         1
 Summon Small Mammal      Summ           4%         N/A       38%         1
 Call Imp                 Summ           2%         N/A       54%         2
 Ensorcelled Hibernation  Hex/Ice        2%         N/A       54%         2
 Lesser Beckoning         Tloc           2%         N/A       54%         2
 Momentum Strike          Conj/Tloc      2%         3d8       54%         2
 Scorch                   Fire           2%         2d5       54%         2
 Borgnjor's Vile Clutch   Necr/Erth      12%        N/A       69%         5
 Call Canine Familiar     Summ           1%         N/A       77%         3
 Dazzling Flash           Conj/Hex       2%         N/A       77%         3
 Frozen Ramparts          Ice            2%         1d1       77%         3
 Gell's Gravitas          Tloc           1%         N/A       77%         3
 Hailstorm                Conj/Ice       1%         3d3       77%         3
 Mephitic Cloud           Conj/Pois/Air  1%         N/A       77%         3
 Ozocubu's Armour         Ice            1%         N/A       77%         3
 Portal Projectile        Hex/Tloc       2%         N/A       77%         3
 Spider Form              Tmut/Pois      1%         N/A       77%         3
 Teleport Other           Tloc           1%         N/A       77%         3
 Tukima's Dance           Hex            1%         N/A       77%         3
 Vhi's Electric Charge    Tloc/Air       2%         N/A       77%         3
 Volatile Blastmotes      Fire/Tloc      2%         2d10      77%         3
 Flame Wave               Conj/Fire      1%         2d4       99%         4
 Ice Form                 Ice/Tmut       1%         N/A       99%         4
 Iskenderun's Mystic Bla  Conj/Tloc      1%         2d3       99%         4
 Leda's Liquefaction      Hex/Erth       0%         N/A       99%         4
 Passage of Golubria      Tloc           1%         N/A       99%         4
 Petrify                  Tmut/Erth      1%         N/A       99%         4
 Summon Ice Beast         Ice/Summ       1%         N/A       99%         4
 Summon Lightning Spire   Summ/Air       1%         N/A       99%         4
 Simulacrum               Ice/Necr       12%        N/A       99%         6
 Alistair's Intoxication  Tmut/Pois      0%         N/A       100%        5
 Arcjolt                  Conj/Air       0%         1d10      100%        5
 Blade Hands              Tmut           0%         N/A       100%        5
 Irradiate                Conj/Tmut      0%         3d11      100%        5
 Lee's Rapid Deconstruct  Erth           0%         3d4*      100%        5
 Metabolic Englaciation   Hex/Ice        0%         N/A       100%        5
 Summon Forest            Summ/Tloc      0%         N/A       100%        5
 Summon Mana Viper        Hex/Summ       1%         N/A       100%        5
 Yara's Violent Unravell  Hex/Tmut       0%         3d3       100%        5
 Conjure Ball Lightning   Conj/Air       0%         3x3d6     100%        6
 Dispersal                Tloc           0%         N/A       100%        6
 Eringya's Noxious Bog    Tmut/Pois      0%         N/A       100%        6
 Starburst                Conj/Fire      0%         6d3       100%        6
 Statue Form              Tmut/Erth      0%         N/A       100%        6
 Summon Cactus Giant      Summ           0%         N/A       100%        6
 Haunt                    Necr/Summ      12%        N/A       100%        7
 Orb of Destruction       Conj           0%         9d5       100%        7
 Spellforged Servitor     Conj/Summ      0%         N/A       100%        7
 Storm Form               Tmut/Air       0%         N/A       100%        7
 Summon Hydra             Summ           0%         N/A       100%        7
 Discord                  Hex            0%         N/A       100%        8
 Disjunction              Tloc           0%         N/A       100%        8
 Maxwell's Capacitive Co  Air            0%         ∞         100%        8
 Dragon's Call            Summ           0%         N/A       100%        9


Dungeon Overview and Level Annotations

Branches:
Dungeon (15/15)            Temple (1/1) D:6            Lair (5/5) D:10
 Shoals (4/4) Lair:3        Snake (4/4) Lair:3        Slime (0/5) Lair:4
    Orc (2/2) D:12            Elf (2/3) Orc:2        Vaults (0/5) D:13
 Depths (4/4) D:15           Hell (visited)             Zot (0/5) Depths:4
  Sewer (visited)           IceCv (visited)         Volcano (visited)
    Dis: Hell:1         Geh: Hell:1         Coc: Hell:1         Tar: Hell:1

Altars:
Ashenzari
Cheibriados
Dithmenos
Fedhas
Gozag
Hepliaklqana
Kikubaaqudgha
Makhleb
Nemelex Xobeh
Okawaru
Qazlal
Ru
Sif Muna
Trog
Uskayaw
Vehumet
Wu Jian
Xom
Yredelemnul

Shops:
D:6 [*   D:8 *   D:11 *   Orc:2 (:[*   Snake:1 ([[(**   Snake:4 (

Portals:
Hell: Depths:1 Depths:2 Depths:3 Depths:4
Abyss: Depths:3
Pandemonium: Depths:2
Ziggurat: Depths:2

Annotations:
D:12 exclusion: 2 obsidian statues
Snake:2 Asterion
Depths:2 3 runed translucent doors


Innate Abilities, Weirdness & Mutations

Your life essence is reduced to manifest your ancestor. (-10% HP)
Your demonic aura often causes spilled blood to erupt in flames.
When seriously injured, your blood forms very thick armour. (AC +12)
Spells you cast may paralyse nearby enemies.
You have a sharp stinger which inflicts weakening toxins.


Message History

* * * LOW HITPOINT WARNING * * *
The +1 mace of holy wrath hits you.
* * * LOW HITPOINT WARNING * * *
You convulse.
* * * LOW HITPOINT WARNING * * *
Cyneburga closely misses the deep elf blademaster.
Unknown command.
Unknown command.
As you read the scroll of teleportation, it crumbles to dust.
You feel strangely unstable.
The deep elf blademaster hits you with a +0 rapier!
* * * LOW HITPOINT WARNING * * *
The deep elf blademaster hits you but does no damage.
Cyneburga completely misses the deep elf blademaster.
The +2 long sword of holy wrath hits you!!
* * * LOW HITPOINT WARNING * * *
You convulse!
* * * LOW HITPOINT WARNING * * *
The +1 mace of holy wrath hits you.
* * * LOW HITPOINT WARNING * * *
You convulse.
* * * LOW HITPOINT WARNING * * *
Cyneburga gestures at the deep elf blademaster while chanting.
The deep elf blademaster resists with almost no effort.
The deep elf knight hits you but does no damage.
The deep elf blademaster hits Cyneburga with a +0 rapier!!
The deep elf blademaster closely misses Cyneburga.
The +2 long sword of holy wrath hits you but does no damage.
Okay, then.
Unknown command.
You feel much better. The +1 mace of holy wrath hits you!
* * * LOW HITPOINT WARNING * * *
You convulse!
* * * LOW HITPOINT WARNING * * *
Cyneburga gestures at the deep elf blademaster while chanting.
The deep elf blademaster resists with almost no effort.
The +2 long sword of holy wrath hits you!
* * * LOW HITPOINT WARNING * * *
You convulse!
You die...

...#...#..........#.#
....###............##
.... #............#
.. #...........R##
..#..........#.#
....#........#..#
.....#......#...#
#....#(§.## #..#e@°##
.##.e(## #.R.# ..#...
#....#.. #..))..#..
....... #. ....... #.


You could see the friendly Cyneburga the hexer (fast), a deep elf blademaster
(distracted, ally target), a deep elf knight and 2 dancing weapons.

Vanquished Creatures
  2 juggernauts (Depths:3)
  4 golden dragons (Depths:3)
  A tentacled monstrosity (Depths:3)
  3 liches
  A walking frostbound tome (Depths:3)
  Gastronok (D:8)
  A titan (Depths:3)
  2 quicksilver dragons
  A sphinx (Depths:2)
  4 shadow dragons
  3 nagarajas
  A storm dragon (Depths:4)
  3 frost giants
  A draconian scorcher (Depths:4)
  A deep elf sorcerer (Elf:1)
  4 fire giants
  Aizul (Snake:2)
  An iron dragon (Depths:3)
  Louise (Snake:2)
  4 draconian stormcallers (Depths:4)
  3 very ugly things
  8 vampire knights
  9 stone giants
  2 deep elf demonologists (Elf:1)
  3 minotaurs (Shoals:4)
  A white draconian (Depths:4)
  A bunyip (shapeshifter) (D:15)
  A red draconian (Depths:4)
  A purple draconian (Depths:4)
  8 spark wasps
  A spark wasp (shapeshifter) (Depths:3)
  2 merfolk javelineers
  4 fire dragons
  Josephine (Lair:4)
  6 ettins
  A hydra (D:14)
  5 merfolk impalers
  A salamander tyrant (Snake:4)
  3 ogre magi (Orc:2)
  6 anacondas
  Fannar (D:12)
  A hydra (shapeshifter) (Depths:3)
  6 ice dragons
  A spriggan air mage (Depths:2)
  7 boulder beetles
  A merfolk aquamancer (Shoals:1)
  2 merfolk avatars
  7 dancing weapons (Elf:2)
  11 satyrs
  9 naga warriors
  11 two-headed ogres
  6 centaur warriors
  7 deep troll earth magi
  7 deep troll shamans
  A boulder beetle (shapeshifter) (D:13)
  8 tengu warriors
  The ghost of Loveship the Hand of Fortune, a novice DjCj of Nemelex Xobeh (D:8)
  3 vampire magi
  10 naga sharpshooters
  2 orc high priests (Elf:1)
  8 shock serpents
  2 deep elf knights
  A sun demon (Depths:2)
  11 hell knights
  7 skysharks
  4 spriggan berserkers
  Amaemon (D:7)
  A fire crab (Lair:5)
  5 iron trolls
  2 salamander mystics
  A golden dragon zombie (Depths:3)
  5 sea snakes
  A shadow demon (Elf:1)
  3 naga ritualists
  The ghost of mrw3rdna the Slicer, a novice SpVM (D:9)
  13 deep trolls
  An orb spider (shapeshifter) (Depths:3)
  8 deep elf archers
  6 wizards
  4 necromancers
  A wolf spider (D:15)
  14 harpies
  10 deep elf zephyrmancers
  13 deep elf pyromancers
  6 mana vipers
  6 ugly things
  14 manticores
  15 fauns
  5 cyclopes
  15 salamanders
  A shock serpent zombie (Snake:3)
  A centaur zombie (D:13)
  3 guardian serpents
  6 merfolk sirens
  18 elephants
  3 slime creatures
  An elephant (shapeshifter) (Depths:3)
  38 black mambas
  A molten gargoyle (Volcano)
  Joseph (D:7)
  2 cane toads
  Maggie (D:8)
  4 water nymphs
  18 naga magi
  An efreet (D:14)
  5 komodo dragons
  A komodo dragon (shapeshifter) (D:13)
  4 rime drakes
  3 kobold demonologists
  An iron troll zombie (Depths:3)
  2 mana viper zombies
  A harpy zombie (Shoals:4)
  3 tengu conjurers
  A queen bee (Lair:3)
  4 trolls
  2 wind drakes (Shoals:3)
  A hellwing (Depths:2)
  19 merfolk
  3 polar bears
  Prince Ribbit (D:6)
  A tengu simulacrum (Depths:1)
  An iron dragon simulacrum (Depths:3)
  3 hornets
  5 deep troll zombies
  A wolf spider simulacrum (D:14)
  11 blink frogs
  A guardian serpent zombie (Snake:1)
  3 dream sheep (Lair:5)
  4 snapping turtles
  3 spriggan zombies (Depths:4)
  A centaur simulacrum (D:15)
  3 black mamba zombies
  A slime creature zombie (D:12)
  A shadow (D:13)
  2 fire bats (Volcano)
  2 wind drake zombies (Shoals:4)
  5 wraiths
  37 yaks
  2 spriggans (Depths:4)
  An air elemental (Elf:2)
  3 water elementals
  A fire elemental (Elf:2)
  4 wyverns
  2 basilisks
  A vampire mosquito (D:14)
  3 steam dragons
  A death yak simulacrum (IceCv)
  A warg (D:9)
  A chaos spawn (Depths:2)
  A skyshark zombie (Shoals:3)
  3 faun zombies
  A human zombie (Elf:1)
  42 nagas
  2 acid dragons
  3 merfolk zombies
  9 water moccasins
  3 two-headed ogre zombies (Orc:2)
  Duvessa (D:7)
  14 orc warriors
  A black bear (shapeshifter) (D:14)
  2 floating eyes
  An ice beast (D:7)
  A dream sheep zombie (Lair:5)
  3 elf zombies (Elf:1)
  A sky beast (D:7)
  4 elephant zombies (Lair:4)
  5 wolves
  2 blink frog zombies (Lair:5)
  A boggart (Elf:1)
  3 manticore zombies
  A tengu (shapeshifter) (D:11)
  23 ogres
  5 centaurs
  A rime drake zombie (Lair:5)
  A lemure (D:6)
  2 phantoms
  2 kobold brigands
  4 bullfrogs
  A komodo dragon zombie (D:13)
  3 salamander zombies
  2 gnoll sergeants
  2 cane toad simulacra
  2 scorpions
  Dowan (D:7)
  A tengu zombie (D:15)
  An elephant simulacrum (Lair:1)
  4 yak zombies
  25 killer bees
  6 electric eels
  4 howler monkeys
  7 lava snakes
  A hound (D:5)
  7 orc priests
  2 sleepcaps (D:6)
  14 orc wizards
  An iguana (D:6)
  2 polar bear simulacra (IceCv)
  2 killer bee zombies (Lair:3)
  2 wolf simulacra
  11 naga zombies
  9 ogre zombies (Orc:2)
  6 adders
  11 gnolls
  5 hexers
  A white imp (D:7)
  An ufetubus (D:5)
  8 orc zombies
  A dart slug (D:1)
  36 orcs
  4 endoplasms
  5 giant cockroaches
  14 hobgoblins
  3 jackals
  8 ball pythons
  3 bats
  3 frilled lizards
  18 kobolds
  8 rats
1035 creatures vanquished.

Vanquished Creatures (collateral kills)
  2 golden dragons
  A caustic shrike (Depths:2)
  Jorgrun (Snake:2)
  3 tentacled monstrosities
  3 liches
  A walking frostbound tome (Depths:4)
  A walking divine tome (Depths:2)
  Frances (Elf:1)
  Agnes (Snake:3)
  2 sphinxes
  A nagaraja (Snake:4)
  4 frost giants (Depths:3)
  A balrug (Depths:2)
  4 stone giants (Depths:2)
  A very ugly thing (Depths:1)
  A black draconian (Depths:4)
  A dire elephant (D:15)
  2 merfolk impalers
  An ettin (D:15)
  A great orb of eyes (Shoals:1)
  4 ice dragons
  A hydra (D:15)
  A rakshasa (Depths:3)
  2 salamander tyrants
  A spriggan skeleton (Depths:1)
  A quicksilver dragon skeleton (Depths:3)
  3 merfolk avatars
  3 anacondas
  An ogre mage (Orc:2)
  A boulder beetle (D:13)
  A deep troll earth mage (Depths:1)
  3 satyrs (Shoals:4)
  6 two-headed ogres
  A centaur warrior (D:13)
  6 naga warriors
  2 deep troll shamans
  2 tengu warriors (Depths:1)
  A spriggan berserker (Depths:3)
  4 dancing weapons
  2 shock serpents
  A hell knight (Volcano)
  3 deep elf knights (Elf:2)
  6 naga sharpshooters
  2 skysharks
  A sixfirhy (Depths:2)
  A shadow demon (Elf:1)
  2 sea snakes (Shoals:3)
  3 deep trolls
  Pikel (D:6)
  A deep elf pyromancer (Elf:1)
  2 phantasmal warriors (Depths:2)
  A necromancer (Depths:3)
  4 mana vipers
  15 harpies
  A deep elf archer (Elf:2)
  5 manticores
  A cyclops (D:12)
  4 fauns
  A frost giant zombie (Depths:1)
  3 salamanders
  13 elephants
  A guardian serpent (Snake:4)
  6 black mambas
  A torpor snail (Lair:1)
  4 water nymphs
  2 merfolk sirens
  2 naga magi
  An orange demon (D:8)
  A molten gargoyle (Volcano)
  A cane toad (shapeshifter) (D:12)
  4 cane toads
  4 komodo dragons
  A tengu conjurer (D:15)
  5 wind drakes
  2 polar bears
  10 merfolk
  A troll (D:8)
  3 blink frogs
  2 slime creatures (D:12)
  2 dream sheep (Lair:5)
  A spriggan (shapeshifter) (D:13)
  4 wraiths
  10 yaks
  6 water elementals
  2 wyverns
  A fire elemental (Elf:2)
  Grum (D:8)
  3 vampire mosquitoes (D:14)
  16 nagas
  A warg (Orc:1)
  5 water moccasins
  A floating eye (Depths:3)
  3 orc warriors
  An elf zombie (Elf:2)
  2 wolves (Lair:3)
  9 ogres
  A centaur (D:5)
  A boggart (Elf:1)
  4 earth elementals
  A cane toad simulacrum (Lair:1)
  2 glowing shapeshifter simulacra (Depths:1)
  2 scorpions (D:5)
  13 killer bees
  A howler monkey (D:8)
  3 lava snakes (Volcano)
  8 orc priests
  A jelly (D:5)
  A sleepcap (D:7)
  A gnoll bouda (D:6)
  5 orc wizards
  7 gnolls
  5 adders
  A shadow imp (D:5)
  An ufetubus (D:5)
  A worm (D:3)
  A dart slug (D:2)
  20 orcs
  A giant cockroach (D:1)
  2 hobgoblins
  3 jackals
  A kobold (D:9)
  A frilled lizard (D:3)
  2 rats (D:3)
359 creatures vanquished.

Vanquished Creatures (others)
  A salamander mystic (Volcano)
  An anaconda zombie (Snake:1)
  A spark wasp zombie (Depths:3)
  An iron dragon zombie (Depths:3)
  2 deep elf zephyrmancers (Elf:1)
  A fire giant zombie (Depths:2)
  A stone giant zombie (Depths:1)
  A mana viper zombie (Snake:4)
  10 harpy zombies
  2 satyr zombies (Shoals:4)
  An ice dragon zombie (Depths:1)
  6 deep troll zombies
  3 black mamba zombies
  A slime creature zombie (D:12)
  A skyshark zombie (Shoals:3)
  7 human zombies
  2 faun zombies (Shoals:4)
  A water nymph zombie (Shoals:4)
  7 merfolk zombies
  A fire bat zombie (Volcano)
  A naga (Snake:3)
  4 salamander zombies
  3 two-headed ogre zombies (Orc:2)
  A manticore zombie (Shoals:4)
  2 hornet zombies (Depths:4)
  An elephant zombie (Lair:5)
  4 dream sheep zombies (Lair:5)
  9 elf zombies
  A boggart (Elf:1)
  A water moccasin zombie (Lair:5)
  A warg zombie (D:9)
  2 polar bear zombies
  9 naga zombies
  A spriggan zombie (Depths:4)
  6 yak zombies
  A wolf zombie (Lair:3)
  6 killer bee zombies (Lair:3)
  12 ogre zombies (Orc:2)
  35 hexers
  A lava snake zombie (Volcano)
  3 orc zombies
155 creatures vanquished.

Grand Total: 1549 creatures vanquished

Notes
Turn   | Place    | Note
-------+----------+-------------------------------------------
     0 | D:1      | cdecastro the Demonspawn Necromancer began the quest for
                  | the Orb.
     0 | D:1      | Reached XP level 1. HP: 13/13 MP: 3/3
   158 | D:1      | Gained mutation: You have a small tail. [demonic ancestry]
   158 | D:1      | Reached XP level 2. HP: 19/19 MP: 1/5
   253 | D:1      | Reached skill level 5 in Necromancy
   797 | D:1      | Reached XP level 3. HP: 24/24 MP: 4/6
  1155 | D:1      | Found a faded altar of an unknown god.
  1251 | D:1      | Prayed at the altar of an unknown god.
  1251 | D:1      | Became a worshipper of Hepliaklqana the Forgotten
  1251 | D:1      | Reached * piety under Hepliaklqana
  1894 | D:2      | Gained mutation: Your demonic aura sometimes causes spilled
                  | blood to erupt in flames. [demonic ancestry]
  1894 | D:2      | Reached XP level 4. HP: 27/27 MP: 3/7
  2331 | D:2      | Reached ** piety under Hepliaklqana
  2332 | D:2      | Remembered your ancestor Cyneburga as a hexer
  2457 | D:3      | Identified the +1 ring mail of Greed {Int+2 Dex+2}
  2615 | D:3      | Found a glowing drain.
  2635 | D:3      | Reached skill level 1 in Short Blades
  2710 | Sewer    | Entered a sewer
  2791 | Sewer    | Noticed a water moccasin
  2799 | Sewer    | Killed a water moccasin
  2800 | Sewer    | Gained mutation: You have a tail ending in a sharp stinger.
                  | [demonic ancestry]
  2800 | Sewer    | Reached XP level 5. HP: 24/31 MP: 4/8
  3163 | D:3      | Gained mutation: When seriously injured, your blood forms
                  | armour. (AC +12) [demonic ancestry]
  3163 | D:3      | Reached XP level 6. HP: 26/36 MP: 5/9
  4062 | D:4      | Reached *** piety under Hepliaklqana
  4292 | D:5      | Entered Level 5 of the Dungeon
  4646 | D:5      | Gained mutation: When seriously injured, your blood forms
                  | thick armour. (AC +12) [demonic ancestry]
  4646 | D:5      | Reached XP level 7. HP: 41/41 MP: 10/10
  4657 | D:5      | Reached skill level 5 in Short Blades
  5151 | D:5      | Found an ancient bone altar of Kikubaaqudgha.
  5637 | D:5      | Found a burning altar of Makhleb.
  5788 | D:6      | Found a staircase to the Ecumenical Temple.
  5819 | D:6      | Reached **** piety under Hepliaklqana
  6076 | D:6      | Found Volutho's Armour Shop.
  6248 | D:6      | Noticed Prince Ribbit
  6283 | D:6      | Killed Prince Ribbit
  6284 | D:6      | Reached XP level 8. HP: 41/46 MP: 9/11
  6330 | D:6      | Found Aisiblicuf's Alliterative Accessories.
  6338 | D:6      | Bought a potion of attraction for 30 gold pieces
  6513 | D:6      | Reached skill level 5 in Invocations
  7270 | D:7      | Noticed Dowan
  7310 | D:7      | Noticed Pikel
  7382 | D:6      | Killed Pikel
  7466 | D:7      | Killed Dowan
  7470 | D:7      | Noticed Duvessa
  7476 | D:7      | Killed Duvessa
  7542 | Temple   | Entered the Ecumenical Temple
  7845 | D:7      | Noticed Joseph
  8119 | D:8      | Noticed Maggie
  8134 | D:8      | Noticed Amaemon
  8135 | D:8      | Reached XP level 9. HP: 12/43 MP: 15/15
  8411 | D:8      | Found Wocwauw's Elemental Accessories.
  8582 | D:8      | Reached skill level 10 in Invocations
  8632 | D:8      | Noticed Grum
  8651 | D:8      | Killed Grum
  8731 | D:8      | Noticed an orange demon
  8773 | D:7      | Killed Amaemon
  8856 | D:8      | Killed an orange demon
  8857 | D:8      | Reached skill level 10 in Short Blades
  8905 | D:7      | Reached skill level 1 in Fighting
  9016 | D:7      | Gained mutation: Your demonic aura often causes spilled
                  | blood to erupt in flames. [demonic ancestry]
  9016 | D:7      | Reached XP level 10. HP: 39/60 MP: 17/17
  9126 | D:8      | Reached skill level 2 in Fighting
  9143 | D:8      | Noticed Gastronok
  9208 | D:8      | Killed Gastronok
  9209 | D:8      | Reached skill level 4 in Fighting
  9432 | D:7      | Killed Joseph
  9433 | D:7      | Reached skill level 5 in Fighting
  9878 | D:8      | Killed Maggie
  9879 | D:8      | Reached skill level 5 in Stealth
 10027 | D:8      | Noticed Loveship's ghost (novice DjCj)
 10134 | D:8      | Found a transporter.
 10134 | D:8      | Found a transporter.
 10138 | D:8      | Noticed a red ugly thing
 10535 | D:9      | Reached skill level 6 in Fighting
 10797 | D:9      | Found a broken altar of Ashenzari.
 10904 | D:9      | Reached skill level 7 in Fighting
 11090 | D:9      | Gained mutation: You have a sharp stinger which inflicts
                  | weakening toxins. [demonic ancestry]
 11090 | D:9      | Reached XP level 11. HP: 66/75 MP: 12/18
 11502 | D:9      | Identified the +4 chain mail "Forget-Me-Not" {rC- Will+
                  | Dex+4}
 11539 | D:9      | Identified the +7 chain mail "Ystriuwnu" {rC+ Dex+4}
 11737 | D:9      | Found a runed translucent gate.
 11737 | D:9      | Found a runed translucent gate.
 11737 | D:9      | Found a runed translucent gate.
 11743 | D:9      | Noticed mrw3rdna's ghost (novice SpVM)
 11870 | D:10     | Entered Level 10 of the Dungeon
 11913 | D:10     | Reached skill level 8 in Fighting
 12362 | D:10     | Reached skill level 9 in Fighting
 12571 | D:10     | Reached skill level 1 in Evocations
 12998 | D:10     | Found a staircase to the Lair.
 13093 | D:11     | Noticed a two-headed ogre
 13102 | D:11     | Killed a two-headed ogre
 13147 | D:11     | Noticed a two-headed ogre
 13155 | D:11     | Killed a two-headed ogre
 13174 | D:11     | Reached skill level 10 in Fighting
 13700 | D:11     | Found Xagiskic's Assorted Antiques.
 13708 | D:11     | Bought a scroll labelled SETZOK NYIV for 36 gold pieces
 13708 | D:11     | Bought a scroll of identify for 72 gold pieces
 13708 | D:11     | Bought a scroll of identify for 72 gold pieces
 13723 | D:11     | Noticed a deep elf pyromancer
 13733 | D:11     | Killed a deep elf pyromancer
 13826 | D:11     | Reached ***** piety under Hepliaklqana
 13857 | Lair:1   | Entered Level 1 of the Lair of Beasts
 13897 | Lair:1   | Reached skill level 5 in Evocations
 14004 | Lair:1   | You fall into a shaft and drop 1 floor!
 14186 | Lair:1   | Found a frozen archway.
 14235 | Lair:1   | Reached XP level 12. HP: 34/87 MP: 17/19
 14308 | IceCv    | Entered an ice cave
 15242 | IceCv    | Learned a level 3 spell: Vampiric Draining
 15247 | IceCv    | Learned a level 4 spell: Animate Dead
 17291 | Lair:3   | Found a dark tunnel.
 17305 | Volcano  | Entered a volcano
 17758 | Volcano  | Found a radiant altar of Vehumet.
 18052 | Volcano  | Reached skill level 10 in Evocations
 18093 | Volcano  | Reached skill level 10 in Necromancy
 18896 | Lair:3   | Found a staircase to the Shoals.
 18952 | Lair:3   | Reached XP level 13. HP: 54/92 MP: 18/20
 19615 | Lair:3   | Found a staircase to the Snake Pit.
 20439 | Lair:4   | Found a staircase to the Slime Pits.
 20725 | Lair:4   | Reached ****** piety under Hepliaklqana
 20897 | Lair:4   | Noticed Josephine
 20905 | Lair:4   | Killed Josephine
 20922 | Lair:4   | Reached skill level 10 in Stealth
 21097 | Lair:4   | Reached skill level 5 in Dodging
 21503 | Lair:5   | Entered Level 5 of the Lair of Beasts
 22083 | Lair:5   | Reached XP level 14. HP: 97/99 MP: 21/21
 23384 | Lair:5   | Found the +8 trident of the Octopus King {venom, rElec
                  | rPois}
 23954 | D:12     | Reached skill level 1 in Armour
 23985 | D:12     | Reached skill level 10 in Dodging
 24259 | D:12     | Noticed Fannar
 24276 | D:12     | Killed Fannar
 24526 | D:12     | Found a staircase to the Orcish Mines.
 25262 | D:13     | Reached skill level 1 in Throwing
 25276 | D:13     | Found a gate to the Vaults.
 26090 | D:14     | Reached skill level 5 in Armour
 26513 | D:14     | Found a shimmering altar of Xom.
 26513 | D:14     | Found a shimmering altar of Xom.
 26514 | D:14     | Found a shimmering altar of Xom.
 26514 | D:14     | Found a shimmering altar of Xom.
 26516 | D:14     | Found a shimmering altar of Xom.
 26516 | D:14     | Found a shimmering altar of Xom.
 26750 | D:14     | Reached skill level 5 in Throwing
 27246 | D:15     | Entered Level 15 of the Dungeon
 27261 | D:15     | Gained mutation: Spells you cast may paralyse adjacent
                  | enemies. [demonic ancestry]
 27261 | D:15     | Reached XP level 15. HP: 103/103 MP: 22/22
 27524 | D:15     | Found a staircase to the Depths.
 27808 | D:15     | Got Vehumet's Secrets of Battle Magic
 28179 | D:15     | Found a sacrificial altar of Ru.
 28856 | D:8      | Killed Loveship's ghost
 29175 | D:9      | Killed mrw3rdna's ghost
 29205 | D:9      | Identified the +1 helmet of Recklessness {rElec rN+ rCorr
                  | Int+3}
 29713 | D:8      | Bought a tin of tremorstones (2/2) for 640 gold pieces
 29713 | D:8      | Bought a lightning rod (4/4) for 480 gold pieces
 29829 | Orc:1    | Entered Level 1 of the Orcish Mines
 30302 | Orc:2    | Entered Level 2 of the Orcish Mines
 30557 | Orc:2    | Found Agaapnit's Armour Boutique.
 30557 | Orc:2    | Found Nuvor's General Store.
 30560 | Orc:2    | Found Laidabe's Antique Weapon Shoppe.
 30560 | Orc:2    | Found Iczeeruy's Book Boutique.
 30891 | Orc:2    | Found a staircase to the Elven Halls.
 31154 | Orc:2    | Found a shimmering blue altar of Sif Muna.
 31547 | Orc:2    | Bought a wand of acid (2) for 100 gold pieces
 31547 | Orc:2    | Bought a scroll of identify for 24 gold pieces
 31547 | Orc:2    | Bought a scroll of identify for 24 gold pieces
 31547 | Orc:2    | Bought a scroll of identify for 24 gold pieces
 31727 | Snake:1  | Entered Level 1 of the Snake Pit
 31940 | Snake:1  | Found Penatuing's Antique Weapon Emporium.
 32357 | Snake:1  | You fall into a shaft and drop 1 floor!
 32436 | Snake:2  | Reached skill level 10 in Throwing
 32662 | Snake:1  | Found Mife's General Store.
 32751 | Snake:1  | Found Zeh Qozi's General Store.
 32751 | Snake:1  | Found Jesul's Armour Boutique.
 32752 | Snake:1  | Found Jifiroh's Antique Weapon Shop.
 32756 | Snake:1  | Found Foakhleqi's Antique Armour Boutique.
 33219 | Snake:1  | Bought a +2 buckler of protection for 408 gold pieces
 33507 | Snake:2  | Identified the +1 kite shield "Buhalil" {rPois}
 33507 | Snake:2  | Noticed Asterion
 33624 | Snake:2  | Reached skill level 1 in Shields
 33684 | Snake:2  | Gained mutation: When seriously injured, your blood forms
                  | very thick armour. (AC +12) [demonic ancestry]
 33684 | Snake:2  | Reached XP level 16. HP: 13/109 MP: 11/23
 35748 | Snake:3  | Noticed Louise
 35765 | Snake:3  | Noticed Jorgrun
 35861 | Snake:1  | Bought the +1 helmet of Dishonour {rF+ Will+} for 378 gold
                  | pieces
 36027 | Snake:2  | Killed Jorgrun
 36173 | Snake:2  | Killed Louise
 36174 | Snake:2  | Reached skill level 5 in Shields
 36463 | Snake:3  | Noticed Agnes
 36467 | Snake:3  | Killed Agnes
 36468 | Snake:3  | Reached skill level 11 in Fighting
 36474 | Snake:3  | Noticed Aizul
 36649 | Snake:2  | Killed Aizul
 39151 | Snake:3  | Reached skill level 12 in Fighting
 39545 | Snake:4  | Entered Level 4 of the Snake Pit
 39586 | Snake:4  | Found Dufed's Antique Weapon Boutique.
 42059 | Snake:4  | Reached XP level 17. HP: 61/120 MP: 24/24
 43215 | Snake:4  | Reached skill level 13 in Fighting
 43396 | Snake:4  | Got a serpentine rune of Zot
 44039 | Shoals:1 | Entered Level 1 of the Shoals
 45115 | Shoals:1 | Reached skill level 15 in Evocations
 47832 | Shoals:3 | Reached skill level 14 in Fighting
 48388 | Shoals:3 | Reached XP level 18. HP: 123/132 MP: 25/25
 48654 | Shoals:4 | Entered Level 4 of the Shoals
 49524 | Shoals:4 | Reached skill level 15 in Fighting
 51031 | Shoals:4 | Got a barnacled rune of Zot
 51639 | Depths:1 | Entered Level 1 of the Depths
 53274 | Depths:1 | Noticed a lich
 53313 | Depths:1 | Killed a lich
 53442 | Depths:1 | Found a gateway to Hell.
 53600 | Depths:1 | Paralysed by a floating eye for 2 turns
 53654 | Depths:1 | Paralysed by a floating eye for 3 turns
 54795 | Depths:1 | Reached skill level 15 in Invocations
 54798 | Depths:1 | Noticed a tentacled monstrosity
 54808 | D:15     | Reached skill level 16 in Fighting
 55216 | D:15     | Killed a tentacled monstrosity
 56642 | Depths:1 | Reached XP level 19. HP: 62/127 MP: 27/30
 56967 | Depths:2 | Found a one-way gateway to a ziggurat.
 57182 | Depths:2 | Found a one-way gate leading to the halls of Pandemonium.
 58325 | Depths:2 | Reached skill level 17 in Fighting
 58393 | Depths:2 | Found a runed translucent door.
 58395 | Depths:2 | Noticed a juggernaut
 58399 | Depths:2 | Found a runed translucent door.
 58400 | Depths:2 | Noticed a golden dragon
 58405 | Depths:2 | Found a runed translucent door.
 58422 | Depths:2 | Noticed a caustic shrike
 58778 | Depths:2 | Identified the +2 mace of Hagept {freeze, Will+}
 58823 | Depths:2 | Killed a caustic shrike
 58927 | Depths:2 | Noticed a golden dragon
 59701 | Depths:2 | Paralysed by something for 2 turns
 59824 | Depths:2 | Killed a golden dragon
 60301 | Hell     | Entered the Vestibule of Hell
 61337 | Depths:3 | Noticed a golden dragon
 61353 | Depths:3 | Killed a golden dragon
 61395 | Depths:3 | Found a one-way gate to the infinite horrors of the Abyss.
 61397 | Depths:3 | Noticed a golden dragon
 61420 | Depths:3 | Killed a golden dragon
 61921 | Depths:3 | Noticed a golden dragon
 61957 | Depths:3 | Killed a golden dragon
 61994 | Depths:3 | Noticed a golden dragon
 62009 | Depths:3 | Killed a golden dragon
 62346 | Depths:3 | Paralysed by a sphinx for 3 turns
 62349 | Depths:3 | Gained mutation: Spells you cast may paralyse nearby
                  | enemies. [demonic ancestry]
 62349 | Depths:3 | Reached XP level 20. HP: 152/153 MP: 31/31
 62671 | Depths:3 | Noticed a juggernaut
 62675 | Depths:3 | Noticed a juggernaut
 62677 | Depths:3 | Killed a juggernaut
 62678 | Depths:3 | Reached skill level 18 in Fighting
 62985 | Depths:3 | Noticed a golden dragon
 62997 | Depths:3 | Killed a golden dragon
 63558 | Depths:3 | Killed a juggernaut
 63893 | Depths:4 | Entered Level 4 of the Depths
 64588 | Depths:4 | Found a shadowy altar of Dithmenos.
 65059 | Depths:4 | Identified the +0 plate armour "Ferack" {rC+++ MP-9 Str-2
                  | Int+6}
 65090 | Depths:4 | Identified the +2 robe "Enirhum" {Harm Str+2}
 65899 | Depths:4 | Found a gate to the Realm of Zot.
 66525 | Elf:1    | Entered Level 1 of the Elven Halls
 67457 | Elf:1    | Found a shimmering blue altar of Sif Muna.
 67457 | Elf:1    | Noticed Frances
 67480 | Elf:1    | Killed Frances
 67483 | Elf:1    | Identified the amulet "Uwnafiy" {RegenMP rCorr MP+9}
 67651 | Elf:1    | Reached skill level 19 in Fighting
 68118 | Elf:1    | Got Wolumpunt's Secrets of the Entourage
 70006 | Elf:2    | Reached XP level 21. HP: 162/162 MP: 32/32
 70008 | Elf:2    | Found a runed translucent gate.
 70008 | Elf:2    | Found a runed translucent gate.
 70008 | Elf:2    | Found a runed translucent gate.
 70490 | Elf:2    | HP: 3/162 [+2 long sword of holy wrath (7)]
 70490 | Elf:2    | Slain by a +2 long sword of holy wrath

Illustrated notes

Levels and vault maps discovered:
D:1:      psy_arrival_conway, layout_basic, nicolae_ecumenical_lake_church
D:2:      layout_loops_corners, hangedman_decor_riveting
D:3:      layout_basic, portal_sewer_entry_a, grunt_ministairs_1,
          dk_noncrumbling_2
D:4:      layout_loops_cross
D:5:      layout_loops_corners, mainiacjoe_overflow_24_doors,
          lightli_temple_of_fire
D:6:      layout_loops_ring, minmay_temple_entry_statues, serial_shops, shop,
          minmay_fountain_box, nicolae_alphabet_shops, grunt_ministairs_11,
          uniq_prince_ribbit1
D:7:      layout_rooms, serial_glass, glass_columns_b, glass_columns_b,
          glass_columns_b, glass_columns_b, glass_columns_a, glass_columns_a,
          uniq_joseph, uniq_pikel, uniq_duvessa
D:8:      layout_rooms, gammafunk_ghost_arena, st_stairs_5,
          nicolae_elemental_shop, interstate_on_off, uniq_grum, uniq_gastronok,
          uniq_maggie, uniq_amaemon
D:9:      layout_roguey, cheibrodos_ashenzari_chains,
          biasface_ghost_orc_armoury, minmay_variable_closet
D:10:     layout_stronghold, grunt_lair_entry_orc_guard_hut,
          serial_column_ruins, column_ruins_columns_straight,
          column_ruins_grid_1, column_ruins_corridor_straight,
          column_ruins_open_medium, nrook_pool_corridor, hangedman_decor_growths
D:11:     layout_big_octagon, serial_shops, shop
D:12:     layout_small_grid, orc_0_dummy, david_greed, uniq_fannar
D:13:     layout_rooms, david_vaults_2
D:14:     layout_basic, small_statue_intersection, xom_shifter_show
D:15:     hangedman_depths_entry_try_elsewhere_first, layout_small_grid,
          nicolae_ru_path_of_blood
Temple:   nicolae_temple_bog_church
Lair:1:   layout_chaotic_city, portal_ice_cave_entry_ice_simulacra
Lair:2:   layout_cave_pods
Lair:3:   layout_roguey [special_room_bee], minmay_shoals_entry_lonely_mermaid,
          minmay_snake_entry_guardpost_small, enter_volcano_1,
          grunt_megastairs_4, infiniplex_staircase_pool
Lair:4:   layout_long_grid, slime_entry_1, minivault_24,
          nicolae_lair_liquid_snakes, uniq_josephine
Lair:5:   gammafunk_lair_ancient_temple, layout_long_grid, columned_hall_lemuel,
          minivault_19
Shoals:1: cheibrodos_shoals_oceanic_diplomacy, layout_shoals,
          nicolae_shoals_water_booths
Shoals:2: layout_shoals
Shoals:3: layout_shoals
Shoals:4: shoals_end_hellmonk_lost_city
Snake:1:  layout_onion, serial_shops, shop, shop, minmay_shoptagon
Snake:2:  cheibrodos_forgotten_conduit, layout_chambers, grunt_megastairs_3,
          uniq_asterion
Snake:3:  kennysheep_six_static_rooms, layout_cave_town, uniq_aizul,
          uniq_jorgrun, uniq_louise, uniq_agnes
Snake:4:  minmay_snake_end_coiled, layout_chambers, serial_shops, shop,
          nicolae_snake_gridmaze_waves
Orc:1:    layout_caves
Orc:2:    st_orc_ogre_mass, layout_caves, basic_altar, kennysheep_orc_sif_temple
Elf:1:    minmay_elf_crystal_hexagon, layout_loops_corners,
          hangedman_elf_disciples, hangedman_summoners_spam, uniq_frances
Elf:2:    nicolae_elf_blades_splatter_lattice [nicolae_blade_little_rooms],
          layout_gridlike, serial_corexii_hall, corexii_hall_statues_i,
          chequers_hall_statues_corner_a, lemuel_elevator
Depths:1: thingy_vault, layout_cave_shapes, minmay_misc_feat_pillars,
          hell_entry, hangedman_abyss_or_decor_clamps, moated_statue,
          grunt_ministairs_13, kennysheep_two_boxes, firewood_loft,
          serial_bayou_shore_b
Depths:2: minmay_the_grid_triangle_9x9_line_8_mashed
          [minmay_the_grid_triangle_9x9_impossible_snake,
          minmay_the_grid_triangle_9x9_odd_lines,
          minmay_the_grid_triangle_9x9_flanged_cone,
          minmay_the_grid_triangle_9x9_zippers_horizontal,
          minmay_the_grid_triangle_9x9_fully_insulated_deathbox,
          minmay_the_grid_triangle_9x9_steps,
          minmay_the_grid_triangle_9x9_intruding_spiral,
          minmay_the_grid_triangle_9x9_prize_center], layout_small_grid,
          enter_ziggurat_d, rand_demon_pan_entry_1,
          infiniplex_staircase_zigzag_5, hell_entry, fountainhead
Depths:3: minmay_swirls_squares, layout_gridlike, hell_entry, abyss_entry,
          serial_bayou_shore_a, uniq_margery
Depths:4: evilmike_zot_entry_argh, layout_basic,
          nicolae_dithmenos_shadow_blocks, hell_entry,
          minmay_misc_feat_secret_circle
Hell

Skill      XL: |  1  2  3  4  5  6  7  8  9 10 11 12 13 14 15 16 17 18 19 20 |
---------------+-------------------------------------------------------------+-----
Necromancy     | 5 6 7 10 11 12 | 12.0
Short Blades   | 3 4 6 7 10 | 10.0
Stealth        | 3 6 7 10 13 | 13.0
Invocations    | 4 8 10 15 | 15.0
Fighting       | 1 7 10 12 14 16 17 19 | 19.2
Evocations     | 5 10 13 16 | 16.0
Dodging        | 2 7 10 | 10.0
Armour         | 5 8 |  8.0
Throwing       | 5 10 11 14 | 14.9
Shields        | 2 5 |  5.0
Spellcasting   | |  2.0

Action                     |  1- 3 |  4- 6 |  7- 9 | 10-12 | 13-15 | 16-18 | 19-21 || total
---------------------------+-------+-------+-------+-------+-------+-------+-------++-------
  Melee: Unarmed           |     5 |       |       |       |       |       |       ||     5
         Dagger            |     3 |    44 |       |   647 |  1176 |  1657 |  1110 ||  4637
         Tailslap          |     1 |    10 |    27 |   166 |   283 |   372 |   306 ||  1165
         Punch             |       |     1 |     4 |    15 |    15 |     5 |       ||    40
         Short sword       |       |    26 |   180 |   116 |       |       |       ||   322
   Fire: Sling             |       |       |       |    11 |       |       |       ||    11
  Throw: Boomerang         |       |       |       |       |       |    27 |   121 ||   148
   Cast: Necrotise         |    66 |    41 |    58 |    62 |     7 |    12 |       ||   246
         Animate Dead      |       |       |       |     6 |    14 |    22 |    10 ||    52
         Vampiric Draining |       |       |       |     2 |    48 |    56 |   110 ||   216
 Invoke: Ancestor Identity |     1 |       |       |       |       |       |       ||     1
         Ancestor Life: He |       |     1 |       |       |       |       |       ||     1
         Recall Ancestor   |       |       |     7 |     6 |     4 |    20 |     9 ||    46
         Transference      |       |       |       |     2 |     5 |     7 |     1 ||    15
         Idealise          |       |       |       |       |     2 |     4 |     7 ||    13
  Evoke: Wand              |       |       |       |    15 |    13 |     6 |     2 ||    36
         Box of beasts     |       |       |       |     1 |       |       |       ||     1
         Lightning rod     |       |       |       |       |     1 |     9 |     1 ||    11
         Tin of tremorston |       |       |       |       |     1 |     2 |     2 ||     5
         Phial of floods   |       |       |       |       |       |     1 |     1 ||     2
    Use: Scroll            |       |       |    11 |    11 |     8 |     5 |     8 ||    43
         Potion            |       |       |       |       |     4 |     1 |     4 ||     9
   Stab: Confused          |       |     3 |     5 |    16 |    31 |    31 |    51 ||   137
         Distracted        |       |     2 |     3 |    12 |    23 |    38 |    17 ||    95
         Sleeping          |       |       |       |     7 |    17 |     8 |     8 ||    40
         Paralysed         |       |       |       |       |    27 |    91 |    54 ||   172
 Armour: Robe              |     1 |       |       |       |   162 |   302 |       ||   465
         Leather armour    |     1 |       |       |       |       |       |       ||     1
         Ring mail         |       |    13 |    70 |   190 |    63 |   175 |   245 ||   756
         Swamp dragon scal |       |       |       |    24 |   134 |       |       ||   158
         Scale mail        |       |       |       |    12 |       |       |       ||    12
         Quicksilver drago |       |       |       |       |       |       |   111 ||   111
  Dodge: Dodged            |    14 |    35 |   108 |   260 |   582 |   866 |   369 ||  2234
         Repelled          |       |       |     2 |       |       |       |       ||     2
  Block: Buckler           |       |       |       |       |       |   413 |   235 ||   648
